 Seeded DCSS version 0.30-a0-949-g53dc5368d7 (webtiles) character file.

Game seed: 1051326165640223566 (custom seed)

44 GigaChad the Conjurer (level 3, 28/28 HPs)
             Began as a Draconian Conjurer on Mar 27, 2023.
             Quit the game on level 1 of the Dungeon.
             The game lasted 00:04:07 (1053 turns).

GigaChad the Conjurer (Draconian Conjurer)          Turns: 1053, Time: 00:04:07

Health: 28/28      AC:  5    Str:  9    XL:     3   Next: 39%
Magic:  6/6        EV: 12    Int: 20    God:
Gold:   50         SH:  0    Dex:  9    Spells: 5/6 levels left

rFire   . . .      SeeInvis .    b - +2 spear (venom)
rCold   . . .      Faith    .    (no shield)
rNeg    . . .      Spirit   .    (body armour unavailable)
rPois   .          Reflect  .    (helmet restricted)
rElec   .          Rampage  .    (no cloak)
rCorr   .                        (no gloves)
Will    .....                    (no boots)
Stlth   ++                       (no amulet)
HPRegen 0.24/turn                (no ring)
MPRegen 0.10/turn                (no ring)

@: no status effects
A: AC +5, unfitting armour, cold-blooded
a: no special abilities


You were on level 1 of the Dungeon.
You visited 1 branch of the dungeon, and saw 1 of its levels.

You collected 50 gold pieces.

Inventory:

Hand Weapons
 b - a +2 spear of venom (weapon)
Scrolls
 d - a scroll of teleportation {unknown}
 e - a scroll of identify {unknown}
 g - a scroll of blinking {unknown}
 l - a scroll of vulnerability {unknown}
Potions
 a - a potion of magic
 c - a potion of mutation {unknown}
 f - a potion of invisibility {unknown}
 h - a potion of haste {unknown}
 i - a potion of lignification {unknown}
 j - a potion of cancellation {unknown}
 k - a potion of degeneration {unknown}


   Skills:
 * Level 1.3 Fighting
 * Level 1.0 Polearms
 + Level 1.8 Dodging
 + Level 1.8 Stealth
 * Level 2.3 Spellcasting
 + Level 4.5 Conjurations


You had 5 spell levels left.
You knew the following spells:

 Your Spells              Type           Power      Damage    Failure   Level
a - Magic Dart            Conj           80%        1d7       2%          1

Your spell library contained the following spells:

 Spells                   Type           Power      Damage    Failure   Level
 Searing Ray              Conj           40%        2d5       3%          2
 Dazzling Flash           Conj/Hex       22%        N/A       19%         3
 Fulminant Prism          Conj/Hex       5%         3d7       52%         4
 Iskenderun's Mystic Bla  Conj/Tloc      11%        2d4       52%         4


Dungeon Overview and Level Annotations

Branches:
Dungeon (1/15)

Altars:

Shops:
D:1 (([[?


Innate Abilities, Weirdness & Mutations

Your plain brown scales are hard. (AC +5)
You cannot fit into any form of body armour.
You are cold-blooded and may be slowed by cold attacks.


Message History

Magic restored.
A bat comes into view.
A bat is nearby!
A bat is nearby!
A bat is nearby!
The bat misses you.
You closely miss the bat.
Your tail-slap misses the bat.
The bat closely misses you.
You barely miss the bat. The bat barely misses you. The bat closely misses you.
You reach to attack!
You hit the bat.
You kill the bat!
No target in view!
No target in view!
There is a stone staircase leading down here.
You open the door.
There is an open door here.
k - a red potion
Found a hand axe.
l - a scroll labelled UGRUIR COTEHUPN A goblin comes into view.
It is wielding a +0 club.
The magic dart hits the goblin.
The goblin is severely wounded.
The magic dart hits the goblin.
You kill the goblin!
Your Polearms skill increases to level 1!
You can't see any susceptible monsters within range! (Use Z to cast anyway.)
Found Wuetyx's Antique Weapon Boutique.
A rat comes into view.
A rat is nearby!
The magic dart hits the rat.
You kill the rat!
You can't see any susceptible monsters within range! (Use Z to cast anyway.)
There is an entrance to Wuetyx's Antique Weapon Boutique here.
You can't see any susceptible monsters within range! (Use Z to cast anyway.)
There is an open door here.
Done exploring.
Done exploring.
Done exploring.
Done exploring.
Are you sure you want to abandon this character and quit the game? (Confirm with "yes".)

# ######### #
#.......# #
#######.# # #.# #
#.# # ###.######
#########.........
#@................
#.#####...........
#.# ##..........
#.# ###...<....
#.# #......8.
#.########.......♣
#.................
###########.......
#.......


There were no monsters in sight!

Vanquished Creatures
  A gnoll (D:1)
  2 dart slugs (D:1)
  2 endoplasms (D:1)
  2 giant cockroaches (D:1)
  3 goblins (D:1)
  2 hobgoblins (D:1)
  4 kobolds (D:1)
  2 quokkas (D:1)
  3 ball pythons (D:1)
  5 bats (D:1)
  A frilled lizard (D:1)
  2 rats (D:1)
29 creatures vanquished.

Notes
Turn   | Place    | Note
-------+----------+-------------------------------------------
     0 | D:1      | GigaChad the Draconian Conjurer began the quest for the
                  | Orb.
     0 | D:1      | Reached XP level 1. HP: 14/14 MP: 3/3
    25 | D:1      | Found Qiclygy's Antique Weapon Shoppe.
   147 | D:1      | Reached XP level 2. HP: 22/22 MP: 0/5
   238 | D:1      | Reached skill level 1 in Fighting
   299 | D:1      | Reached XP level 3. HP: 16/28 MP: 1/6
   530 | D:1      | Found Puisefia's Magic Scroll Shop.
   650 | D:1      | Found Joloyha's Armour Shop.
   717 | D:1      | Found Xeynybb's Armour Emporium.
   983 | D:1      | Reached skill level 1 in Polearms
  1006 | D:1      | Found Wuetyx's Antique Weapon Boutique.
  1053 | D:1      | Quit the game

Illustrated notes

Levels and vault maps discovered:
D:1:      wander_arrival_lonely_grave, layout_basic, serial_shops,
          nicolae_shop_stone, nicolae_shop_stone, nicolae_square_shop,
          shop_statue, nicolae_shop_trees

Skill      XL: |  1  2  3 |
---------------+----------+-----
Fighting       | 1 |  1.3
Polearms       | 1 |  1.0
Dodging        | |  1.8
Stealth        | |  1.8
Spellcasting   | |  2.3
Conjurations   | |  4.5

Action                     || total
---------------------------++-------
  Melee: Spear             ||    29
         Tailslap          ||     2
   Cast: Magic Dart        ||    40
    Use: Scroll            ||     1
 Armour: Skin              ||     7
  Dodge: Dodged            ||    26

Table legend: (Time is in decaauts)
 A = Elapsed time spent in this place.
 B = Non-inter-level travel time spent in this place.
 C = Inter-level travel time spent in this place.
 D = Time resting spent in this place.
 E = Time spent auto-exploring this place.
 F = Levels seen in this place.
 G = Mean time per level.
                   A        B        C        D        E       F      G
               +--------+--------+--------+--------+--------+-----+--------+
         Total |   1054 |   1054 |      0 |      0 |    871 |   1 | 1054.0 |
       Dungeon |   1054 |   1054 |      0 |      0 |    871 |   1 | 1054.0 |
               +--------+--------+--------+--------+--------+-----+--------+

Top non-repeatable levels by time:
     D:1: 1054 daAuts
